Map: Orbital Shipyard

Players

Azeotrope

  • Race: Zerg Zerg

SticklerMac - Winner!

  • Race: Zerg Zerg
  • League: Gold

VOD

Have the link to the VOD?

Description

Time

  • Played on: Nov. 10, 2015, 10:21 a.m.
  • Length: 4:35
Show
View Real Time Build Order
Export as new Build Order

Azeotrope Zerg 

Build Orders: Pool First 

Get SALT Encoding   

  12  0:01  Drone  
  13  0:18  Drone  
  14  0:23  Drone, Extractor  
  15  0:31  Spawning Pool  
  14  0:36  Extractor  
  14  0:38  Drone  
  14  0:43  Drone, Extractor  
  15  1:08  Hatchery  
  14  1:16  Overlord  
  14  1:35  Drone  
  15  1:42  Metabolic Boost  
  15  1:45  Queen  
  17  1:55  Drone  
  17  1:56  Overlord  
  18  2:09  Drone  
  19  2:21  Queen  
  21  2:23  Overlord  
  21  2:36  Drone x2  
  23  2:39  Overlord  
  23  2:41  Overlord  
  23  2:54  Zergling x4  
  23  2:56  Zergling x6  
  28  2:59  Zergling x4  
  30  3:06  Zergling x2  
  31  3:25  Zergling x4  
  31  3:26  Zergling x2  
  34  3:27  Zergling x4  
  31  3:52  Zergling x2  
  31  3:53  Zergling x8  
  31  3:54  Zergling x4  
  31  3:55  Zergling x2  
Show
View Real Time Build Order
Export as new Build Order

SticklerMac Zerg - Winner!

Build Orders: Hatch First 

Get SALT Encoding   

  12  0:00  Drone  
  13  0:09  Drone  
  14  0:17  Overlord  
  14  0:35  Drone x3  
  17  0:53  Hatchery  
  17  0:56  Drone  
  17  1:01  Drone, Extractor  
  17  1:15  Spawning Pool  
  16  1:19  Drone  
  16  1:22  Drone  
  18  1:30  Drone  
  19  1:40  Overlord  
  19  1:51  Drone  
  20  2:04  Metabolic Boost, Drone  
  20  2:05  Queen  
  20  2:08  Queen  
  23  2:11  Zergling x2  
  26  2:16  Zergling x2  
  26  2:18  Drone  
  28  2:23  Drone  
  28  2:27  Baneling Nest  
  28  2:31  Drone  
  29  2:41  Zergling x4  
  31  2:45  Zergling x2  
  31  2:49  Zergling x2  
  33  3:04  Zergling x4  
  35  3:06  Overlord  
  35  3:14  Overlord  
  35  3:20  Queen  
  35  3:24  Zergling x4, Queen  
  40  3:28  Zergling x4  
  40  3:30  Baneling x4  
  42  3:44  Zergling x2  
  42  3:45  Zergling x8  
  44  3:52  Zergling x4  
  45  3:58  Zergling x2  
  45  3:59  Zergling x6  
  48  4:13  Zergling x6  
Tags
 
Add a new tag
Caveats
  • Supply blocks, unpowered buildings, or Contaminate may cause inaccurate times.
  • Supply counts are checked every 10 seconds.